 Dungeon Crawl Stone Soup version 0.29.1-1-gd02db6906a (webtiles) character file.

Game seed: 13489024324018466463

428 Demigod47 the Cudgeller (level 6, 0/56 HPs)
             Began as a Minotaur Fighter on Oct 9, 2022.
             Slain by Menkaure (9 damage)
             ... on level 4 of the Dungeon.
             The game lasted 00:06:21 (2968 turns).

Demigod47 the Cudgeller (Minotaur Fighter)          Turns: 2968, Time: 00:06:21

Health: 0/56       AC: 13    Str: 23    XL:     6   Next: 65%
Magic:  5/5        EV:  8    Int:  5    God:
Gold:   159        SH:  4    Dex:  9    Spells: 5/5 levels left

rFire   . . .      SeeInvis .   a - +0 flail
rCold   + . .      Faith    .   c - +0 buckler
rNeg    . . .      Spirit   .   s - +4 chain mail "Maoppan" {Rampage rPois}
rPois   +          Reflect  .   (helmet restricted)
rElec   .          Harm     .   (no cloak)
rCorr   .          Rampage  +   (no gloves)
Will    .....                   (no boots)
Stlth   ..........              (no amulet)
HPRegen 0.18/turn               (no ring)
MPRegen 0.09/turn               (no ring)

@: mighty
A: horns 2, retaliatory headbutt, cold resistance 1, evolution 1, MP-powered
wands
a: no special abilities


You were on level 4 of the Dungeon.
You visited 1 branch of the dungeon, and saw 4 of its levels.

You collected 159 gold pieces.

Inventory:

Hand Weapons
 a - a +0 flail (weapon)
Missiles
 q - a throwing net (quivered)
Armour
 b - a +0 scale mail
 c - a +0 buckler (worn)
 l - a +0 plate armour
 s - the +4 chain mail "Maoppan" (worn) {Rampage rPois}
   (You found it on level 3 of the Dungeon)

   rPois:     It protects you from poison.
   Rampage:   It bestows one free step when moving towards enemies.
Wands
 n - a wand of polymorph (13)
 o - a wand of roots (6)
Scrolls
 e - 6 scrolls of identify {unknown}
 f - 2 scrolls of vulnerability {unknown}
 g - a scroll of teleportation {unknown}
 h - a scroll of enchant armour {unknown}
 i - a scroll of acquirement {unknown}
 k - a scroll of poison {unknown}
 m - 2 scrolls of noise {unknown}
 r - 2 scrolls of fear {unknown}
 t - a scroll of fog {unknown}
Potions
 d - 5 potions of might
 j - a potion of flight
 p - a potion of curing


   Skills:
 + Level 5.2 Fighting
 + Level 5.3 Maces & Flails
 + Level 4.9 Armour
 + Level 1.9 Dodging
 + Level 1.0 Stealth
 + Level 4.9 Shields


You had 5 spell levels left.
You didn't know any spells.
Your spell library contained the following spells:

 Spells                   Type           Power      Damage    Failure   Level
 Tukima's Dance           Hex            0%         N/A       100%        3
 Passage of Golubria      Tloc           0%         N/A       100%        4
 Yara's Violent Unravell  Hex/Tmut       0%         3d3       100%        5


Dungeon Overview and Level Annotations

Branches:
Dungeon (4/15)
 Temple: D:4-7

Altars:
Makhleb
Sif Muna
Wu Jian

Annotations:
D:4 Menkaure


Innate Abilities, Weirdness & Mutations

You have a pair of horns on your head.
You reflexively headbutt those who attack you in melee.
Your flesh is cold resistant. (rC+)
You have hidden genetic potential.
You expend magic power (3 MP) to strengthen your wands.


Message History

You hit the endoplasm.
The endoplasm is severely wounded.
You block the endoplasm's attack.
You hit the endoplasm.
You kill the endoplasm!
t - a scroll labelled KEDAGA NEGASS Menkaure, Prince of Dust comes into view.
Found a shimmering blue altar of Sif Muna.
Menkaure shouts!
Found 3 stones.
Menkaure calls on the powers of darkness!
Your body is wracked with pain!
Found a stone staircase leading down.
Menkaure calls on the powers of darkness!
Your body is wracked with pain!
* * * LOW HITPOINT WARNING * * *
An iguana comes into view.
Found 4 stones.
You thump the iguana! Your headbutt misses the iguana.
The iguana is severely wounded.
The iguana closely misses you.
Menkaure casts a spell.
Menkaure seems to speed up.
You hit the iguana.
The iguana is severely wounded.
The iguana bites you but does no damage.
You hit the iguana. Your headbutt misses the iguana.
The iguana is severely wounded.
The iguana bites you!
* * * LOW HITPOINT WARNING * * *
You barely miss the iguana. Your headbutt misses the iguana.
The iguana is severely wounded.
The iguana bites you but does no damage.
You hit the iguana.
You kill the iguana!
Your Fighting skill increases to level 5!
Menkaure hits you but does no damage.
You feel very mighty all of a sudden. Menkaure hits you!
You die...

#.# .. ###### .. (.# #.#
..... #.## #.. ... ....
#.(.. #.####.# #..# .._.
#......#.#.# #..#
...#......#.#.#####...
#.###.#......#...........
........@................
#######M####......#####.#
..................# ##(#
...>...##.##......####...
###.##.##.##..........#.#
#..........#.#.####.#..
#......................
#..#.##.##.#.######.#.#
...........#... ......


You could see Menkaure (fast).

Vanquished Creatures
  Sigmund (D:2)
  A phantom (D:4)
  An iguana (D:4)
  Robin (D:2)
  5 gnolls
  3 adders
  An ufetubus (D:4)
  2 worms
  A dart slug (D:2)
  An orc (D:3)
  4 bats
  7 endoplasms
  2 giant cockroaches
  11 goblins
  5 hobgoblins
  4 kobolds
  A quokka (D:1)
  6 ball pythons
  3 frilled lizards
  5 rats
65 creatures vanquished.

Notes
Turn   | Place    | Note
-------+----------+-------------------------------------------
     0 | D:1      | Demigod47 the Minotaur Fighter began the quest for the Orb.
     0 | D:1      | Reached XP level 1. HP: 19/19 MP: 0/0
    84 | D:1      | Reached XP level 2. HP: 22/27 MP: 1/1
   469 | D:1      | Reached XP level 3. HP: 33/33 MP: 2/2
   564 | D:1      | Found a faded altar of an unknown god.
  1087 | D:2      | Noticed Sigmund
  1098 | D:2      | Killed Sigmund
  1099 | D:2      | Reached skill level 1 in Dodging
  1099 | D:2      | Reached XP level 4. HP: 25/41 MP: 3/3
  1099 | D:2      | Reached XP level 5. HP: 28/47 MP: 4/4
  1255 | D:2      | Found a burning altar of Makhleb.
  1553 | D:2      | Noticed Robin
  1558 | D:2      | Killed Robin
  1815 | D:2      | Gained mutation: A frigid envelope surrounds you and
                  | freezes all who hurt you. [potion of mutation]
  1815 | D:2      | Gained mutation: Your mind is acute. (Int +4, Str/Dex -1)
                  | [potion of mutation]
  1874 | D:2      | Lost mutation: A frigid envelope surrounds you and freezes
                  | all who hurt you. [potion of mutation]
  1874 | D:2      | Lost mutation: Your mind is acute. (Int +4, Str/Dex -1)
                  | [potion of mutation]
  1874 | D:2      | Gained mutation: Your flesh is cold resistant. (rC+)
                  | [potion of mutation]
  1874 | D:2      | Gained mutation: You have hidden genetic potential. [potion
                  | of mutation]
  1995 | D:3      | Found an ornate altar of the Wu Jian Council.
  2005 | D:3      | Reached skill level 5 in Maces & Flails
  2155 | D:3      | Reached XP level 6. HP: 40/53 MP: 5/5
  2610 | D:3      | Reached skill level 1 in Stealth
  2626 | D:3      | Identified the +4 chain mail "Maoppan" {Rampage rPois}
  2860 | D:4      | Gained mutation: You expend magic power (3 MP) to
                  | strengthen your wands. [hidden potential]
  2955 | D:4      | Found a shimmering blue altar of Sif Muna.
  2955 | D:4      | Noticed Menkaure
  2967 | D:4      | Reached skill level 5 in Fighting
  2968 | D:4      | Slain by Menkaure

Illustrated notes

Levels and vault maps discovered:
D:1:      eino_arrival_water_star, layout_basic, shapermc_ecumenical_altar_venn,
          chequers_serial_rivers_micro_e
D:2:      layout_basic, basic_altar, uniq_robin, uniq_sigmund
D:3:      layout_rooms, mainiacjoe_overflow_alcove_1, grunt_decor_clamped,
          minmay_stone_trees_small, minmay_misc_feat_roman
D:4:      wander_river, layout_basic, mainiacjoe_overflow_cross_hatched,
          st_stairs_5, uniq_menkaure

Skill      XL: |  1  2  3  4  5  6 |
---------------+-------------------+-----
Fighting       | 4 5 |  5.2
Armour         | 4 |  4.9
Shields        | 4 |  4.9
Maces & Flails | 4 5 |  5.3
Dodging        | 1 |  1.9
Stealth        | 1 |  1.0

Action                   |  1- 3 |  4- 6 || total
-------------------------+-------+-------++-------
Melee: Flail             |    54 |    89 ||   143
       Headbutt          |     9 |    11 ||    20
       Unarmed           |       |     3 ||     3
  Use: Potion            |       |     9 ||     9
Armor: Scale mail        |    41 |     9 ||    50
       Plate armour      |       |    45 ||    45
       Skin              |       |     4 ||     4
       Chain mail        |       |    17 ||    17
Dodge: Dodged            |    35 |    67 ||   102
Block: Buckler           |    15 |    38 ||    53
